AoeStats
← bone app the teeth

Lombardia

509977810Analyzed
3v3 RM · 4d ago on Sep 28, 2026· 63m 17s· 6 players
Game mode
Random Map
Map size
Normal (6 player)
Population
200
Speed
Normal
Resources
Standard
Victory
Conquest
Starting age
Dark Age
Ending age
Imperial Age
RankedLock teamsTeams togetherTeam positionsShared explorationLock speedFull tech treeHidden civsTurbo modeCheats
Victory
Defeat
🇺🇸 Cumans · United States
1060
+17
🇺🇸 Magyars · United States
1058
+17
🇺🇸 Japanese · United States
960
+21
🇲🇽 Lithuanians · Mexico
1094
-19
🇦🇷 Poles · Argentina
1075
-18
🇫🇷 Shu · France
1070
-18
destroza_argentos
11:31 Feudal Age
12:27 Double-Bit Axe
16:06 Castle Age
17:16 Bow Saw
29:00 Stone Mining
29:05 Gold Mining
29:28 Forging
29:59 Bloodlines
31:57 Scale Barding Armor
32:29 Iron Casting
36:09 Masonry
35:55 Murder Holes
38:37 Imperial Age
37:15 Chain Barding Armor
36:58 Horse Collar
39:48 Conscription
38:55 Cavalier
42:13 Paladin
42:54 Husbandry
44:21 Fletching
45:54 Chemistry
47:01 Plate Barding Armor
46:22 Bodkin Arrow
59:10 Onager
El-Ziston
12:18 Feudal Age
10:36 Loom
12:22 Feudal Age
16:51 Castle Age
15:27 Double-Bit Axe
15:35 Gold Mining
15:49 Horse Collar
27:24 Bow Saw
27:18 Heavy Plow
27:58 Gold Shaft Mining
29:19 Wheelbarrow
28:30 Town Watch
28:54 Crossbowman
29:40 Thumb Ring
30:51 Hand Cart
30:30 Gambesons
30:59 Caravan
31:35 Town Patrol
31:46 Squires
33:47 Pikeman
39:28 Imperial Age
37:06 Fletching
37:16 Padded Archer Armor
37:27 Forging
37:17 Scale Mail Armor
39:49 Bodkin Arrow
40:09 Leather Archer Armor
41:30 Ballistics
41:41 Arbalester
41:43 Halberdier
42:10 Arson
45:12 Chain Mail Armor
45:27 Ring Archer Armor
44:58 Bracer
46:31 Chemistry
46:44 Two-Man Saw
50:43 Plate Mail Armor
52:31 Conscription
54:03 Elite White Feather Guard
Dibutex
10:41 Feudal Age
16:03 Castle Age
15:08 Double-Bit Axe
18:07 Loom
24:18 Horse Collar
26:04 Wheelbarrow
28:15 Imperial Age
26:13 Scale Barding Armor
26:50 Gold Mining
27:23 Bloodlines
27:24 Husbandry
27:38 Heavy Plow
27:17 Light Cavalry
28:52 Hand Cart
29:07 Bow Saw
29:20 Chain Barding Armor
30:37 Chemistry
29:35 Winged Hussar
32:34 Crop Rotation
31:59 Fletching
33:17 Scale Mail Armor
33:27 Forging
34:33 Lechitic Legacy
36:42 Iron Casting
35:53 Elite Obuch
43:08 Chain Mail Armor
43:54 Blast Furnace
46:40 Stone Mining
54:42 Caravan
63:30 Padded Archer Armor
63:26 Bodkin Arrow
bone app the teeth
8:07 Loom
8:22 Loom
10:38 Feudal Age
11:33 Double-Bit Axe
13:06 Horse Collar
16:11 Wheelbarrow
21:18 Castle Age
19:51 Fletching
19:57 Gold Mining
20:10 Stone Mining
21:46 Scale Barding Armor
22:17 Bow Saw
22:32 Forging
23:06 Heavy Plow
24:31 Thumb Ring
26:06 Bloodlines
26:44 Gold Shaft Mining
26:19 Bodkin Arrow
27:22 Hand Cart
26:57 Town Watch
27:57 Steppe Husbandry
28:59 Padded Archer Armor
29:39 Chain Barding Armor
30:18 Light Cavalry
32:07 Iron Casting
31:52 Caravan
35:36 Imperial Age
33:37 Capped Ram
36:36 Leather Archer Armor
36:47 Masonry
37:35 Ballistics
38:16 Chemistry
39:46 Plate Barding Armor
39:13 Cavalier
40:34 Elite Steppe Lancer
41:36 Conscription
40:39 Cavalier
43:40 Blast Furnace
44:01 Crop Rotation
44:32 Two-Man Saw
45:13 Parthian Tactics
46:16 Ring Archer Armor
46:26 Hoardings
45:56 Squires
48:16 Elite Kipchak
52:15 Hussar
54:53 Town Patrol
54:49 Paladin
60:00 Heavy Cavalry Archer
61:20 Siege Ram
Aluerad
3:44 Loom
10:56 Feudal Age
11:50 Double-Bit Axe
16:11 Scale Barding Armor
17:33 Bloodlines
22:22 Castle Age
20:51 Stone Mining
20:43 Horse Collar
21:01 Gold Mining
22:59 Wheelbarrow
24:39 Husbandry
26:31 Hand Cart
28:37 Heavy Plow
28:54 Bow Saw
28:46 Town Watch
30:49 Town Patrol
31:27 Chain Barding Armor
32:22 Caravan
35:41 Imperial Age
34:40 Corvinian Army
37:04 Plate Barding Armor
37:01 Crop Rotation
36:54 Conscription
36:16 Elite Magyar Huszar
38:10 Two-Man Saw
39:03 Murder Holes
46:36 Fletching
51:05 Light Cavalry
52:36 Bodkin Arrow
58:37 Cavalier
Onea Usix
5:17 Loom
11:25 Feudal Age
13:02 Wheelbarrow
15:30 Stone Mining
15:27 Double-Bit Axe
15:26 Horse Collar
20:47 Castle Age
19:44 Forging
21:33 Scale Mail Armor
22:09 Iron Casting
20:59 Man-at-Arms
21:24 Gambesons
22:09 Long Swordsman
26:22 Bow Saw
26:46 Heavy Plow
27:14 Squires
27:35 Chain Mail Armor
28:57 Caravan
30:54 Gold Mining
31:42 Arson
33:27 Hand Cart
33:31 Pikeman
34:16 Fletching
36:12 Fortified Wall
39:18 Imperial Age
42:58 Plate Mail Armor
43:28 Blast Furnace
42:38 Halberdier
42:45 Elite Samurai
43:46 Conscription
47:49 Capped Ram
52:39 Bodkin Arrow
Connection lost

Rejoining the realm…

Still unreachable

The connection could not be restored.

Session expired

The server has moved on; the page needs a fresh start.